 Seeded DCSS version 0.29-a0-648-g6b26cc9 (webtiles) character file.

Game seed: 2767337840731368785 (custom seed)

51312 lyrin the Basher (level 14, -5/87 HPs)
             Began as a Gargoyle Ice Elementalist on June 20, 2022.
             Was a High Priest of Vehumet.
             Shot with an arrow by a centaur warrior (21 damage)
             ... on level 15 of the Dungeon.
             The game lasted 00:51:27 (29217 turns).

lyrin the Basher (Gargoyle Ice Elementalist)       Turns: 29217, Time: 00:51:28

Health: -5/87      AC: 23    Str: 20    XL:     14   Next: 59%
Magic:  6/28       EV: 10    Int: 18    God:    Vehumet [*****.]
Gold:   2664       SH:  5    Dex: 10    Spells: 17/34 levels left

rFire   + . .      SeeInvis .   x - +4 flail (vorpal)
rCold   + . .      Faith    .   O - +0 buckler
rNeg    + + .      Spirit   .   p - +1 scale mail "Zaropon" {rC+ rN+ Str+5}
rPois   ∞          Reflect  .   A - +0 helmet
rElec   +          Harm     .   F - +0 cloak
rCorr   +          Rampage  +   I - +0 pair of gloves of Elyvilon's Inspiration {Rampage rElec rCorr}
Will    ++...                   B - +0 pair of boots
Stlth   ..........              (no amulet)
HPRegen 0.24/turn               z - ring of protection from fire
MPRegen 0.21/turn               T - ring of willpower

@: flying, studying 2 skills
A: sickness immunity, AC +10, big wings, negative energy resistance 1,
electricity resistance, torment resistance 1, petrification resistance
a: Renounce Religion


You were on level 15 of the Dungeon.
You worshipped Vehumet.
Vehumet was extremely pleased with you.
You visited 2 branches of the dungeon, and saw 17 of its levels.
You also visited: Bailey.

You collected 2904 gold pieces.
You spent 240 gold pieces at shops.

Inventory:

Hand Weapons
 a - a +1 whip of flaming
 x - a +4 vorpal flail (weapon)
 C - a +2 flail of freezing
 E - a +1 whip of electrocution
Missiles
 g - 26 poisoned darts
 q - 110 stones
 D - a curare-tipped dart (quivered)
 H - a throwing net
Armour
 p - the +1 scale mail "Zaropon" (worn) {rC+ rN+ Str+5}
   (You found it on level 2 of the Dungeon)

   Str:       It affects your strength (+5).
   rC:        It protects you from cold.
   rN:        It protects you from negative energy.
 A - a +0 helmet (worn)
 B - a +0 pair of boots (worn)
 F - a +0 cloak (worn)
 I - the +0 pair of gloves of Elyvilon's Inspiration (worn) {Rampage rElec rCorr}
   (You acquired it in a bailey)

   rElec:     It insulates you from electricity.
   rCorr:     It protects you from acid and corrosion.
   Rampage:   It bestows one free step when moving towards enemies.
 O - a +0 buckler (worn)
Jewellery
 c - a ring of protection from cold
 y - a +6 ring of dexterity
 z - a ring of protection from fire (left hand)
 T - a ring of willpower (right hand)
 W - a ring of magical power
Wands
 i - a wand of iceblast (6)
 s - a wand of acid (9)
 G - a wand of mindburst (25)
 K - a wand of flame (18)
 M - a wand of polymorph (5)
 N - a wand of digging (1)
Scrolls
 e - 2 scrolls of silence
 f - 4 scrolls of vulnerability
 h - 5 scrolls of summoning
 j - 2 scrolls of fear
 k - 3 scrolls of magic mapping {unknown}
 m - 5 scrolls of immolation
 n - a scroll of amnesia
 r - 7 scrolls of teleportation
 P - 3 scrolls of poison
 U - 2 scrolls of brand weapon {unknown}
 X - a scroll of enchant weapon {unknown}
Potions
 b - 2 potions of magic
 d - 4 potions of brilliance
 l - 6 potions of flight
 o - 3 potions of heal wounds
 t - 3 potions of curing
 u - a potion of lignification {unknown}
 w - 2 potions of ambrosia
 J - a potion of invisibility {unknown}
 L - 3 potions of might
 Q - 3 potions of haste
 R - 2 potions of cancellation {unknown}
 S - a potion of resistance {unknown}
 V - a potion of berserk rage {unknown}
Miscellaneous
 v - a box of beasts


   Skills:
 + Level 9.8 Fighting
 + Level 13.3 Maces & Flails
 - Level 1.2 Throwing
 - Level 5.0 Armour
 - Level 3.0 Dodging
 - Level 2.1 Stealth
 - Level 6.0 Shields
 + Level 10.6 Spellcasting
 + Level 11.6 Conjurations
 + Level 7.1 Ice Magic
 * Level 2.4 Air Magic
 - Level 10.0 Earth Magic
 - Level 0.2 Evocations


You had 17 spell levels left.
You knew the following spells:

 Your Spells              Type           Power      Damage    Failure   Level
a - Freeze                Ice            100%       1d11      1%          1
b - Frozen Ramparts       Ice            70%        1d9       1%          3
c - Stone Arrow           Conj/Erth      96%        3d13      1%          3
d - Iskenderun's Battles  Conj           51%        2d10      1%          5
e - Freezing Cloud        Conj/Ice/Air   17%        6-21      11%         5

Your spell library contained the following spells:

 Spells                   Type           Power      Damage    Failure   Level
 Magic Dart               Conj           100%       1d8       1%          1
 Shock                    Conj/Air       100%       1d9       1%          1
 Searing Ray              Conj           100%       2d8       1%          2
 Conjure Flame            Conj/Fire      30%        6-21      1%          3
 Dazzling Flash           Conj/Hex       60%        N/A       1%          3
 Hailstorm                Conj/Ice       43%        3d10      1%          4
 Lee's Rapid Deconstruct  Erth           22%        3d14*     3%          5
 Passwall                 Tmut/Erth      22%        N/A       4%          2
 Ozocubu's Armour         Ice            35%        N/A       4%          3
 Fulminant Prism          Conj/Hex       15%        3d11      7%          4
 Iskenderun's Mystic Bla  Conj/Tloc      30%        2d8       7%          4
 Sticky Flame             Conj/Fire      30%        2d5       7%          4
 Ensorcelled Hibernation  Hex/Ice        44%        N/A       9%          2
 Scorch                   Fire           18%        2d5       11%         2
 Iron Shot                Conj/Erth      24%        9d5       12%         6
 Ignite Poison            Fire/Tmut/Pois 9%         N/A       19%         3
 Beastly Appendage        Tmut           18%        N/A       26%         1
 Necrotize                Necr           36%        1d5       26%         1
 Swiftness                Air            18%        N/A       28%         3
 Wereblood                Tmut           9%         N/A       36%         2
 Spider Form              Tmut/Pois      9%         N/A       58%         3
 Vampiric Draining        Necr           9%         2d6       58%         3
 Starburst                Conj/Fire      15%        6d6       63%         6
 Borgnjor's Vile Clutch   Necr/Erth      13%        N/A       65%         5
 Anguish                  Hex/Necr       4%         N/A       94%         4
 Animate Dead             Necr           9%         N/A       94%         4
 Spellforged Servitor     Conj/Summ      15%        N/A       99%         7
 Agony                    Necr           9%         N/A       100%        5
 Summon Forest            Summ/Tloc      4%         N/A       100%        5
 Summon Mana Viper        Hex/Summ       9%         N/A       100%        5
 Death Channel            Necr           4%         N/A       100%        6
 Summon Cactus Giant      Summ           4%         N/A       100%        6
 Haunt                    Necr/Summ      4%         N/A       100%        7
 Summon Hydra             Summ           4%         N/A       100%        7
 Infestation              Necr           4%         N/A       100%        8
 Sublimation of Blood     Necr           Unusable   N/A       N/A         2

Dungeon Overview and Level Annotations

Branches:
Dungeon (15/15) Temple (0/1) D:6 Lair (0/6) D:10 Orc (2/2) D:9 Elf (0/3) Orc:1 Orc:2 Vaults (0/5) D:13 Bailey (visited) Depths: D:15

Altars:
Makhleb
Nemelex Xobeh
Trog
Uskayaw
Vehumet
Yredelemnul
The Shining One
Beogh

Shops:
D:7 *   Orc:2 ![[*

Annotations:
D:2 1 runed translucent door, Crazy Yiuf
D:11 1 runed translucent door, xingtheking's ghost, journeyman DjAM


Innate Abilities, Weirdness & Mutations

You are immune to sickness and miasma.
Your stone body is resilient. (AC +10)
You are immune to poison.
Your large and strong wings let you fly.
You resist negative energy. (rN+)
You are resistant to electric shocks. (rElec)
You are resistant to unholy torment.
You are immune to petrification.


Message History

The stone arrow misses the ogre.
The ogre shouts!
Unknown command.
Casting: Stone Arrow (safe; 1% risk of failure)
Confirm with . or Enter, or press ? or * to list all spells.
Aiming: Stone Arrow (safe; 1% risk of failure)
Press: ? - help, Shift-Dir - straight line, f/p - ogre
Aim: an ogre, wielding a +0 giant spiked club (89% to hit)
The stone arrow hits the ogre!
The ogre is heavily wounded.
Unknown command.
Casting: Stone Arrow (safe; 1% risk of failure)
Confirm with . or Enter, or press ? or * to list all spells.
Aiming: Stone Arrow (safe; 1% risk of failure)
Press: ? - help, Shift-Dir - straight line, f/p - ogre
Aim: an ogre, wielding a +0 giant spiked club (heavily wounded, 89% to hit)
The stone arrow hits the ogre!!
You kill the ogre!
Vehumet accepts your kill.
You feel your power returning.
A two-headed ogre comes into view.
It is wielding a +0 giant club and a +0 great mace.
A centaur warrior comes into view.
The centaur warrior wields a +0 shortbow.
The centaur warrior shoots an arrow.
The arrow hits you!!
You see here a +0 shortbow.
There are monsters nearby!
There are monsters nearby!
You rampage towards the two-headed ogre!
Things that are here:
a +0 whip; a +1 robe of positive energy; an ogre corpse The two-headed ogre shouts in stereo!
The two-headed ogre barely misses you.
The two-headed ogre hits you with a +0 great mace.
A two-headed ogre comes into view. It is wielding two +0 giant clubs.
The two-headed ogre shouts in stereo!
The two-headed ogre hits you with a +0 giant club! x3
* * * LOW HITPOINT WARNING * * *
The two-headed ogre barely misses you.
The two-headed ogre moves out of view.
The centaur warrior shoots an arrow.
The arrow hits you!!
You die...

#...# #... #.$.# .###...
#...# ....... #...# .......
#...# ...?.. #.########
#.#... #.OO)))..# #.#... #
#######...###.####.#...
###.#.....@.........##.####
#.....<..##...#..c.........
#.#.#..#.##..##...#..#c####
#..#......#...#..#.#
#..###........#..#.# #..#
#..###..##..#.# #...
....##..##..#^#
...#.....##........# .###
.# #.####


You could see a centaur warrior and 2 two-headed ogres.

Vanquished Creatures
  3 boulder beetles
  A hydra (D:14)
  5 ogre magi
  3 centaur warriors
  16 two-headed ogres
  Erica (Orc:1)
  2 tengu warriors
  A deep troll (D:13)
  5 skeletal warriors (D:14)
  7 ugly things
  A necromancer (D:13)
  A wolf spider (D:13)
  An orc sorcerer (Orc:1)
  3 orc knights
  5 cyclopes
  Maurice (D:12)
  A gargoyle (D:11)
  2 freezing wraiths
  A komodo dragon (D:12)
  An unseen horror (shapeshifter) (D:14)
  A tengu conjurer (D:15)
  6 trolls
  A hornet (D:11)
  A slime creature (D:14)
  A centaur simulacrum (D:15)
  3 shadows
  2 vampires
  3 wraiths
  11 yaks
  9 vampire mosquitoes
  3 wargs
  2 acid dragons (D:13)
  Duvessa (D:5)
  3 water moccasins
  40 orc warriors
  2 sky beasts
  4 ice beasts
  31 ogres
  15 centaurs
  2 phantoms
  5 kobold brigands
  6 bullfrogs
  4 scorpions
  2 necrophages
  A gnoll sergeant (D:9)
  Dowan (D:5)
  15 wights
  8 killer bees (D:10)
  8 howler monkeys
  An electric eel (D:6)
  2 jellies
  A hound (D:7)
  19 orc priests
  2 gnoll shamans
  2 iron imps (D:3)
  4 iguanas
  14 orc wizards
  19 gnolls
  8 adders
  A white imp (D:7)
  An ufetubus (D:4)
  3 worms
  2 dart slugs
  99 orcs
  7 ball pythons
  10 endoplasms
  7 giant cockroaches
  8 hobgoblins
  4 jackals (D:2)
  29 kobolds
  2 quokkas
  5 bats
  2 frilled lizards
  10 goblins
  3 rats
517 creatures vanquished.

Vanquished Creatures (others)
  4 fungi (D:10)
  13 plants
17 creatures vanquished.

Grand Total: 534 creatures vanquished

Notes
Turn   | Place    | Note
-------+----------+-------------------------------------------
     0 | D:1      | lyrin the Gargoyle Ice Elementalist began the quest for the
                  | Orb.
     0 | D:1      | Reached XP level 1. HP: 10/10 MP: 3/3
   461 | D:1      | Reached XP level 2. HP: 13/15 MP: 5/5
   780 | D:1      | Found a faded altar of an unknown god.
   799 | D:1      | Prayed at the altar of an unknown god.
   799 | D:1      | Became a worshipper of Vehumet
   799 | D:1      | Reached * piety under Vehumet
   799 | D:1      | Offered knowledge of Foxfire by Vehumet.
  1270 | D:1      | Reached XP level 3. HP: 19/19 MP: 3/6
  1939 | D:2      | Learned a level 3 spell: Frozen Ramparts
  2260 | D:2      | Reached XP level 4. HP: 21/24 MP: 4/8
  2484 | D:2      | Found a runed translucent door.
  2485 | D:2      | Noticed Crazy Yiuf
  2602 | D:2      | Reached ** piety under Vehumet
  2606 | D:2      | Identified the +1 scale mail "Zaropon" {rC+ rN+ Str+5}
  2699 | D:2      | Offered knowledge of Magic Dart by Vehumet.
  3451 | D:3      | Reached skill level 1 in Maces & Flails
  3477 | D:3      | Found a burning altar of Makhleb.
  3879 | D:3      | Reached skill level 1 in Armour
  3879 | D:3      | Reached XP level 5. HP: 26/28 MP: 2/10
  4451 | D:3      | Found a sparkling altar of Nemelex Xobeh.
  4778 | D:4      | Noticed an ogre
  4790 | D:4      | Noticed a sky beast
  4860 | D:2      | Killed a sky beast
  4861 | D:2      | Reached skill level 2 in Maces & Flails
  4861 | D:2      | Reached skill level 5 in Ice Magic
  4861 | D:2      | Reached XP level 6. HP: 16/33 MP: 2/11
  6279 | D:4      | Offered knowledge of Stone Arrow by Vehumet.
  6468 | D:5      | Entered Level 5 of the Dungeon
  6482 | D:4      | Reached skill level 1 in Fighting
  6482 | D:4      | Reached skill level 3 in Maces & Flails
  6482 | D:4      | Reached XP level 7. HP: 38/38 MP: 8/13
  7001 | D:4      | Reached skill level 4 in Maces & Flails
  7345 | D:5      | Reached XP level 8. HP: 43/43 MP: 14/14
  7402 | D:5      | Noticed Duvessa
  7403 | D:5      | Reached *** piety under Vehumet
  7403 | D:5      | Noticed Dowan
  7422 | D:5      | Killed Duvessa
  7438 | D:5      | Killed Dowan
  7895 | D:5      | Reached skill level 5 in Maces & Flails
  7895 | D:5      | Reached skill level 5 in Armour
  8286 | D:6      | Reached skill level 5 in Spellcasting
  8551 | D:6      | Learned a level 3 spell: Stone Arrow
  8759 | D:6      | Reached skill level 6 in Maces & Flails
  8759 | D:6      | Reached skill level 1 in Conjurations
  8759 | D:6      | Reached skill level 1 in Earth Magic
  8759 | D:6      | Reached XP level 9. HP: 46/51 MP: 13/16
  8869 | D:6      | Found a staircase to the Ecumenical Temple.
  8962 | D:6      | Found a hide-covered altar of Uskayaw.
  9115 | D:6      | Identified the +1 leather armour of Votwof {rF+}
  9218 | D:7      | Reached skill level 10 in Earth Magic
  9218 | D:7      | Reached XP level 10. HP: 42/56 MP: 17/17
  9225 | D:7      | Identified the +4 hunting sling of Fundamental Breach
                  | {vorpal, Fragile Str+2 Int+2}
  9316 | D:7      | Found Ysati's Fire Supplies.
  9341 | D:7      | Offered knowledge of Flame Wave by Vehumet.
  9607 | D:7      | Found a flagged portal.
  9621 | Bailey   | Entered a bailey
  9668 | Bailey   | Reached skill level 7 in Maces & Flails
  9913 | Bailey   | Reached **** piety under Vehumet
 10417 | Bailey   | Identified the +5 arbalest of the Vestibule of Hell {elec,
                  | rPois}
 10419 | Bailey   | Noticed an orc knight
 10419 | Bailey   | Noticed an orc knight
 10570 | Bailey   | Killed an orc knight
 10570 | Bailey   | Offered knowledge of Iskenderun's Battlesphere by Vehumet.
 10571 | Bailey   | Killed an orc knight
 10572 | Bailey   | Reached skill level 8 in Maces & Flails
 10904 | Bailey   | Acquired the +0 pair of gloves of Elyvilon's Inspiration
                  | {Rampage rElec rCorr}
 11306 | D:7      | Found a glowing golden altar of the Shining One.
 11308 | D:7      | Noticed an angel
 11322 | D:7      | Found a basalt altar of Yredelemnul.
 11664 | D:8      | Reached XP level 11. HP: 50/61 MP: 19/19
 11782 | D:8      | Acquired 1184 gold pieces
 11896 | D:8      | Identified the +0 scale mail of Dice, Bag, and Bottle
                  | {Drain +Inv Dex+7}
 12462 | D:8      | Got the Collected Works on Flamy Conjuration
 12495 | D:8      | Learned a level 5 spell: Iskenderun's Battlesphere
 12586 | D:9      | Reached skill level 9 in Maces & Flails
 13192 | D:9      | Found a staircase to the Orcish Mines.
 13324 | D:9      | Reached ***** piety under Vehumet
 13333 | D:9      | Offered knowledge of Orb of Destruction by Vehumet.
 13494 | D:9      | Found a bloodstained altar of Trog.
 13694 | D:10     | Entered Level 10 of the Dungeon
 13821 | D:10     | Noticed a two-headed ogre
 13827 | D:10     | Killed a two-headed ogre
 13924 | D:10     | Reached skill level 5 in Fighting
 14564 | D:10     | Reached skill level 10 in Maces & Flails
 14967 | D:10     | Noticed a two-headed ogre
 14980 | D:10     | Killed a two-headed ogre
 15155 | D:10     | Found a staircase to the Lair.
 15273 | D:10     | Reached XP level 12. HP: 19/68 MP: 4/22
 15562 | D:10     | Identified the +1 robe of the Beggar {+Blink Str+3 Dex-4}
 15603 | D:11     | Reached skill level 11 in Maces & Flails
 15801 | D:11     | Found a runed translucent door.
 15801 | D:11     | Noticed xingtheking's ghost (journeyman DjAM)
 15906 | D:11     | Offered knowledge of Airstrike by Vehumet.
 16184 | D:11     | Noticed a boulder beetle
 16199 | D:11     | Killed a boulder beetle
 16677 | D:12     | Reached skill level 1 in Shields
 16801 | D:12     | Noticed Maurice
 17439 | D:12     | Noticed a two-headed ogre
 17443 | D:12     | Killed a two-headed ogre
 17444 | D:12     | Reached skill level 12 in Maces & Flails
 17571 | D:12     | Killed Maurice
 17913 | D:13     | Noticed a centaur warrior
 17953 | D:13     | Killed a centaur warrior
 18207 | D:13     | Noticed a boulder beetle
 18213 | D:13     | Killed a boulder beetle
 18214 | D:13     | Reached skill level 1 in Throwing
 18271 | D:13     | Noticed a centaur warrior
 18626 | D:13     | Killed a centaur warrior
 18959 | D:13     | Reached XP level 13. HP: 51/76 MP: 14/25
 19500 | D:13     | Found a gate to the Vaults.
 19721 | Orc:1    | Entered Level 1 of the Orcish Mines
 19982 | Orc:1    | Found a burning altar of Makhleb.
 19988 | Orc:1    | Noticed Erica
 20145 | Orc:1    | Killed Erica
 20146 | Orc:1    | Reached skill level 5 in Shields
 21096 | Orc:2    | Entered Level 2 of the Orcish Mines
 21096 | Orc:2    | Found a staircase to the Elven Halls.
 21638 | Orc:2    | Offered knowledge of Freezing Cloud by Vehumet.
 21705 | Orc:2    | Found Azxaebir's Armour Boutique.
 21705 | Orc:2    | Found Wimavvyry's Assorted Antiques.
 21725 | Orc:2    | Reached skill level 10 in Conjurations
 24764 | Orc:2    | Reached skill level 13 in Maces & Flails
 25182 | Orc:2    | Gained mutation: Your large and strong wings let you fly.
                  | [Gargoyle growth]
 25182 | Orc:2    | Reached XP level 14. HP: 87/87 MP: 14/27
 25342 | Orc:2    | Paralysed by an ogre mage for 3 turns
 25496 | Orc:2    | Found Mompadumm's Armour Boutique.
 25496 | Orc:2    | Found Teyh's Distillery.
 25505 | Orc:2    | Bought a potion of heal wounds for 80 gold pieces
 25505 | Orc:2    | Bought a potion of haste for 160 gold pieces
 25791 | Orc:2    | Learned a level 5 spell: Freezing Cloud
 26784 | D:14     | Reached skill level 10 in Spellcasting
 26784 | D:14     | Reached skill level 1 in Air Magic
 28533 | D:15     | Entered Level 15 of the Dungeon
 29217 | D:15     | Shot with an arrow by a centaur warrior

Illustrated notes

Levels and vault maps discovered:
D:1:      dpeg_chamrin_arrival_tetris, layout_basic,
          ebering_ecumenical_altar_abandoned
D:2:      minmay_spotlight, layout_loops_corners, minmay_crystal_room,
          uniq_crazy_yiuf_cottage
D:3:      layout_basic, demons_altar, nemelex_xobeh_ov_fountains_minmay
D:4:      layout_basic, serial_curves, eino_curves_04, eino_curves_03,
          minmay_fractal_squares_5
D:5:      layout_basic, st_stairs_11, uniq_duvessa
D:6:      layout_cave_pools, nicolae_uskayaw_dance_studio,
          minmay_temple_entry_overgrown, serial_bayou_lake_a
D:7:      layout_cave_pools, grunt_temple_overflow_holy_war, enter_bailey_3,
          nicolae_shop_fire_sale [nicolae_sub_dead_trees], minmay_misc_feat_iff,
          grunt_decor_mini_mirrors, st_stairs_9, minmay_fountain_box,
          minmay_manual_maat
D:8:      layout_basic
D:9:      layout_cave_pools, overflow_temple_1_default, orc_david_3,
          minivault_14
D:10:     layout_roguey [special_room_orc], grunt_lair_entry_orc_guard_hut,
          kennysheep_kite_vault
D:11:     layout_gridville, gammafunk_ghost_grave
D:12:     layout_roguey, uniq_maurice
D:13:     layout_roguey, david_vaults_4
D:14:     layout_long_grid, grunt_decor_one_mirror
D:15:     grunt_enter_depths_magical_seal, layout_loops_cross, fedhas_altar_4,
          nrook_mini_vaults, uniq_kirke, uniq_rupert
Orc:1:    layout_caves, basic_altar, uniq_erica
Orc:2:    st_orc_ogre_mass, layout_diamond_mine, nicolae_orc_crystal_geode

Skill      XL: |  1  2  3  4  5  6  7  8  9 10 11 12 13 14 |
---------------+-------------------------------------------+-----
Spellcasting   | 3 4 5 6 8 9 10 | 10.6
Maces & Flails | 1 2 3 4 6 8 10 12 13 | 13.3
Armour         | 1 2 3 4 5 |  5.0
Ice Magic      | 5 6 7 |  7.1
Fighting       | 1 3 4 5 7 9 |  9.8
Dodging        | 2 3 |  3.0
Conjurations   | 1 9 10 11 | 11.6
Earth Magic    | 1 10 | 10.0
Shields        | 2 6 |  6.0
Throwing       | 1 |  1.2
Air Magic      | 2 |  2.4
Stealth        | |  2.1
Evocations     | |  0.2

Action                   |  1- 3 |  4- 6 |  7- 9 | 10-12 | 13-15 || total
-------------------------+-------+-------+-------+-------+-------++-------
Melee: Whip              |    19 |     4 |   106 |   322 |       ||   451
       Mace              |    17 |    47 |       |       |       ||    64
       Flail             |       |    64 |    71 |   237 |   345 ||   717
       Punch             |       |     1 |     1 |     4 |       ||     6
Throw: Dart              |       |       |       |     5 |       ||     5
 Cast: Freeze            |    41 |    63 |       |     3 |       ||   107
       Frozen Ramparts   |       |     3 |    13 |    50 |    10 ||    76
       Stone Arrow       |       |       |       |    95 |   218 ||   313
       Iskenderun's Batt |       |       |       |     6 |    11 ||    17
Evoke: Wand              |       |       |     2 |     3 |    15 ||    20
       Box of beasts     |       |       |       |       |     1 ||     1
  Use: Scroll            |       |       |     9 |    13 |     4 ||    26
       Potion            |       |       |     1 |     1 |     1 ||     3
 Stab: Sleeping          |       |     1 |       |       |       ||     1
Armor: Robe              |    20 |     2 |       |       |       ||    22
       Scale mail        |       |   129 |   122 |   382 |   249 ||   882
Dodge: Dodged            |    51 |   117 |    97 |   320 |   190 ||   775
Block: Buckler           |       |       |       |    26 |   105 ||   131

Table legend: (Time is in decaauts)
 A = Elapsed time spent in this place.
 B = Non-inter-level travel time spent in this place.
 C = Inter-level travel time spent in this place.
 D = Time resting spent in this place.
 E = Time spent auto-exploring this place.
 F = Levels seen in this place.
 G = Mean time per level.
                   A        B        C        D        E       F      G
               +--------+--------+--------+--------+--------+-----+--------+
         Total |  29145 |  28352 |    793 |   9887 |  13512 |  18 | 1619.2 |
       Dungeon |  22932 |  22192 |    740 |   7183 |  11331 |  15 | 1528.8 |
  Orcish Mines |   4893 |   4840 |     53 |   2265 |   1703 |   2 | 2446.5 |
        Bailey |   1320 |   1320 |      0 |    439 |    478 |   1 | 1320.0 |
               +--------+--------+--------+--------+--------+-----+--------+

Top non-repeatable levels by time:
   Orc:1: 2711 daAuts
    D:13: 2402 daAuts
   Orc:2: 2181 daAuts
     D:2: 2094 daAuts
    D:10: 1899 daAuts
     D:4: 1784 daAuts
    D:14: 1779 daAuts
     D:9: 1774 daAuts
     D:1: 1765 daAuts
    D:12: 1591 daAuts
     D:3: 1572 daAuts
     D:8: 1544 daAuts
  Bailey: 1320 daAuts
     D:5: 1218 daAuts
     D:7: 1036 daAuts
